AoeStats
← SlightlySaltedCamelCrisps

Nomad

507108250Analyzed
2v2 RM · 17d ago on Sep 16, 2026· 42m 57s· 4 players
Game mode
Random Map
Map size
176×176
Population
200
Speed
Normal
Resources
Standard
Victory
Conquest
Starting age
Dark Age
Ending age
Imperial Age
RankedLock teamsTeams togetherTeam positionsShared explorationLock speedFull tech treeHidden civsTurbo modeCheats
Victory
Defeat
🇩🇪 Vietnamese · Germany
1147
+16
1147
+17
🇳🇱 Spanish · Netherlands
1171
-17
🇳🇱 Ethiopians · Netherlands
1153
-16
SlightlySaltedCamelCrisps
5:40 Loom
14:38 Feudal Age
15:39 Double-Bit Axe
18:15 Castle Age
16:21 Stone Mining
16:34 Fishing Lines
17:07 Gold Mining
17:34 Town Watch
18:25 Wheelbarrow
19:46 Bow Saw
19:52 Horse Collar
22:06 Hand Cart
23:23 Fletching
24:01 Medium Warships
25:41 Heavy Plow
26:59 Tigui
27:35 Bodkin Arrow
30:07 Forging
29:58 Scale Mail Armor
32:50 Imperial Age
33:10 Forging
33:01 Scale Mail Armor
33:20 Squires
34:27 Iron Casting
35:04 Conscription
35:05 Chain Mail Armor
35:38 Ballistics
35:31 Masonry
36:30 Chemistry
37:37 Hoardings
38:02 Elite Gbeto
39:47 Architecture
40:11 Plate Mail Armor
40:31 Scale Barding Armor
41:59 Farimba
jimima
4:43 Loom
12:41 Feudal Age
17:19 Castle Age
15:53 Horse Collar
16:07 Gold Mining
17:16 Double-Bit Axe
18:30 Bow Saw
18:23 Heavy Plow
18:18 Stone Mining
19:53 Town Watch
32:19 Fletching
35:53 Bodkin Arrow
36:46 Ballistics
39:28 Padded Archer Armor
43:23 Imperial Age
43:04 Leather Archer Armor
43:37 Stone Shaft Mining
Victor
5:25 Loom
14:58 Feudal Age
18:27 Castle Age
21:26 Double-Bit Axe
21:34 Gold Mining
23:07 Horse Collar
28:02 Medium Warships
33:28 Imperial Age
31:18 Demolition Ship
33:25 Wheelbarrow
32:35 Town Watch
37:55 Elite Skirmisher
41:32 Thumb Ring
Kees Harakir!
4:58 Loom
14:33 Feudal Age
15:05 Double-Bit Axe
17:16 Wheelbarrow
19:29 Castle Age
20:48 Bow Saw
20:30 Gold Mining
23:37 Scale Mail Armor
23:22 Fishing Lines
26:03 Horse Collar
30:12 Arson
30:28 Squires
31:08 Fletching
33:11 Heavy Plow
35:03 Wheelbarrow
36:20 Royal Heirs
36:12 Crossbowman
36:58 Thumb Ring
41:06 Imperial Age
38:52 Hand Cart
40:24 Town Watch
Connection lost

Rejoining the realm…

Still unreachable

The connection could not be restored.

Session expired

The server has moved on; the page needs a fresh start.